 Dungeon Crawl Stone Soup version 0.21.1-1-g345015f (webtiles) character file.

62 Iko the Skirmisher (level 3, -16/37 HPs)
             Began as a Troll Abyssal Knight on May 30, 2018.
             Was a Follower of Lugonu.
             Demolished by an ogre
             ... wielding a +0 giant club
              (31 damage)
             ... on level 5 of the Dungeon.
             The game lasted 00:06:57 (750 turns).

Iko the Skirmisher (Troll Abyssal Knight)            Turns: 750, Time: 00:06:58

Health: -16/37     AC:  7    Str: 17 (20) XL:     3   Next: 85%
Magic:  0/3        EV: 10    Int:  7 (9)  God:    Lugonu [*.....]
Gold:   74         SH:  0    Dex:  9      Spells: 2/2 levels left

rFire    . . .     SeeInvis .   f - -2 war axe
rCold    . . .     Gourm    +   (no shield)
rNeg     . . .     Faith    .   b - +2 robe
rPois    .         Spirit   +   (helmet restricted)
rElec    .         Reflect  .   (no cloak)
rCorr    .         Harm     .   (gloves unavailable)
MR       .....                  (boots unavailable)
Stlth    ++........             g - amulet of guardian spirit
HPRegen  0.52/turn              d - ring of stealth
MPRegen  0.08/turn              i - ring of wizardry

@: no status effects
A: large, unfitting armour, claws 3, fast metabolism 3, gourmand, regeneration
1, shaggy fur 1, tough skin 2
a: Depart the Abyss, Renounce Religion


You were on level 5 of the Dungeon.
You worshipped Lugonu.
Lugonu was aware of your devotion.
You were not hungry.

You visited 1 branch of the dungeon, and saw 5 of its levels.
You visited the Abyss 1 time.

You collected 74 gold pieces.

Inventory:

Hand Weapons
 a - a +1 spear
 f - a -2 war axe (weapon)
Armour
 b - a +2 robe (worn)
Jewellery
 d - a ring of stealth (left claw)
 g - an amulet of guardian spirit (around neck)
 h - an uncursed amulet of rage
 i - a ring of wizardry (right claw)
Potions
 e - a potion of brilliance
Comestibles
 c - a ration


   Skills:
 + Level 3.0 Fighting
 + Level 0.1(1.3) Axes
 + Level 2.2 Polearms
 + Level 2.2 Dodging
 + Level 0.5 Stealth
 + Level 1.6 Invocations


You had 2 spell levels left.
You didn't know any spells.

Dungeon Overview and Level Annotations

Branches:
Dungeon (5/15)
 Temple: D:4-7

Altars:


Innate Abilities, Weirdness & Mutations

You are too large for most types of armour.
You have claws for hands.
Your metabolism is lightning-fast.
You like to eat raw meat.
Your natural rate of healing is unusually fast.
You are covered in fur. (AC +1)
You have very tough skin. (AC +2)


Message History

You eat one of the 2 rations.
That ration really hit the spot!
An ogre comes into view. It is wielding a giant club.
Found a lumpy emerald potion.
An orc comes into view.
It is wielding an enchanted short sword.
The helpless ogre fails to defend itself.
You hit the ogre.
The ogre is lightly wounded.
The orc shouts!
The ogre hits you with a giant club!!
You slash the ogre!
The ogre is heavily wounded.
The ogre hits you with a giant club!
You slash the ogre!
The ogre is almost dead.
The ogre hits you but does no damage.
You hit the ogre but do no damage.
The ogre is almost dead.
The ogre hits you with a giant club!!
Ouch! That really hurt!
You die...

.##+##....
..........
#.........
#.........
#########.........
#..........o...#
#..........O...#
#.........@!...#
#..............#
#........#######
#........#
###........#
#.........##
#.######### #.#
#.#


You could see an ogre and an orc.

Vanquished Creatures
  A crimson imp (D:5)
  A dart slug (D:1)
  2 leopard geckos
  An orc (D:3)
  2 giant cockroaches (D:2)
  5 hobgoblins (D:1)
  5 bats
  2 goblins (D:1)
  A kobold (D:1)
  3 rats
23 creatures vanquished.

Notes
Turn   | Place    | Note
-------+----------+-------------------------------------------
     0 | Abyss:1  | Iko the Troll Abyssal Knight began the quest for the Orb.
     0 | Abyss:1  | Reached XP level 1. HP: 22/22 MP: 1/1
    44 | Abyss:2  | Noticed a large abomination
    47 | D:1      | Escaped the Abyss
    86 | D:1      | Reached * piety under Lugonu
   276 | D:1      | Reached XP level 2. HP: 18/29 MP: 2/2
   463 | D:1      | Reached skill level 3 in Fighting
   683 | D:4      | Reached XP level 3. HP: 37/37 MP: 3/3
   713 | D:4      | Noticed an ogre
   722 | D:5      | Entered Level 5 of the Dungeon
   736 | D:5      | Noticed an ogre
   750 | D:5      | Demolished by an ogre

Skill      XL: |  1  2  3 |
---------------+----------+-----
Dodging        | 2 |  2.2
Fighting       | 3 |  3.0
Polearms       | 2 |  2.2
Axes           | |  0.1
Stealth        | |  0.5
Invocations    | |  1.6

Action                   || total
-------------------------++-------
Melee: Spear             ||    80
       War axe           ||    10
Invok: Depart the Abyss  ||     1
  Use: Scroll            ||     8
       Potion            ||     5
 Stab: Sleeping          ||     6
  Eat: Ration            ||     2
Armor: Robe              ||    36
Dodge: Dodged            ||    65
